 Dungeon Crawl Stone Soup version 0.31-a0-37-g98a128e1d9 (webtiles) character file.

Game seed: 1414811464704385479

25 graymark the Shield-Bearer (level 3, -6/52 HPs)
             Began as a Gnoll Fighter on May 15, 2023.
             Killed from afar by Ijyb (8 damage)
             ... with a bolt of light
             ... on level 3 of the Dungeon.
             The game lasted 00:02:11 (974 turns).

graymark the Shield-Bearer (Gnoll Fighter)           Turns: 974, Time: 00:02:12

Health: -6/52      AC: 21    Str: 15    XL:     3   Next: 6%
Magic:  3/3        EV:  2    Int:  9    God:
Gold:   81         SH:  0    Dex: 11    Spells: 3/3 levels left

rFire   . . .        a - +0 trident
rCold   . . .        c - +0 buckler
rNeg    . . .        b - melded +0 scale mail
rPois   +            n - melded +0 helmet
rElec   .            (cloak currently unavailable)
rCorr   .            l - melded +0 pair of gloves
SInv    .            (boots currently unavailable)
Will    .....        r - amulet of the acrobat
Stlth   +            (no ring)
HPRegen 0.28/turn    (no ring)
MPRegen 0.08/turn

%: acrobat
@: confused, tree-form
A: stationary, stasis, torment immunity, boosted hp, (fangs 1), strong nose,
distributed training
a: no special abilities


You were on level 3 of the Dungeon.
You were a tree.
You visited 1 branch of the dungeon, and saw 3 of its levels.

You collected 81 gold pieces.

Inventory:

Hand Weapons
 a - a +0 trident (weapon)
Armour
 b - a +0 scale mail (melded)
 c - a +0 buckler (worn)
 l - a +0 pair of gloves (melded)
 n - a +0 helmet (melded)
Jewellery
 h - a ring of wizardry
 k - a +6 ring of intelligence
 r - an amulet of the acrobat (around neck)
 s - a ring of protection from cold
Scrolls
 e - a scroll of blinking {unknown}
 f - a scroll of butterflies {unknown}
 i - a scroll of noise {unknown}
 p - a scroll of enchant weapon {unknown}
 q - a scroll of fear {unknown}
 t - a scroll of magic mapping {unknown}
 u - a scroll of teleportation {unknown}
Potions
 d - a potion of might
 j - a potion of ambrosia {unknown}
 m - a potion of haste {unknown}
 o - a potion of flight {unknown}


   Skills:
 + Level 6.5 Fighting
 + Level 0.6 Short Blades
 + Level 0.6 Long Blades
 + Level 0.6 Axes
 + Level 0.6 Maces & Flails
 + Level 4.5 Polearms
 + Level 0.6 Staves
 + Level 0.6 Ranged Weapons
 + Level 0.6 Throwing
 + Level 6.5 Armour
 + Level 0.6 Dodging
 + Level 0.6 Stealth
 + Level 6.5 Shields
 + Level 0.6 Unarmed Combat
 + Level 0.6 Spellcasting
 + Level 0.4 Conjurations
 + Level 0.4 Hexes
 + Level 0.4 Summonings
 + Level 0.4 Necromancy
 + Level 0.4 Translocations
 + Level 0.4 Transmutations
 + Level 0.4 Fire Magic
 + Level 0.4 Ice Magic
 + Level 0.4 Air Magic
 + Level 0.4 Earth Magic
 + Level 0.4 Poison Magic
 + Level 0.8 Invocations
 + Level 0.6 Evocations


You had 3 spell levels left.
You didn't know any spells.
Your spell library contained the following spells:

 Spells                   Type           Power      Damage    Failure   Level
 Beastly Appendage        Tmut           2%         N/A       38%         1
 Wereblood                Tmut           1%         N/A       52%         2
 Spider Form              Tmut/Pois      1%         N/A       77%         3


Dungeon Overview and Level Annotations

Branches:
Dungeon (3/15)

Altars:
Fedhas
Kikubaaqudgha
Qazlal
Wu Jian

Annotations:
D:3 Ijyb


Innate Abilities, Weirdness & Mutations

You are a tree.
Your roots penetrate the ground, keeping you stationary.
You cannot be teleported.
You are immune to unholy pain and torment.
Your maximum health is greatly increased.
Your equipment is partially melded.
((You have very sharp teeth.))
Your uncanny sense of smell can sniff out nearby items.
Your experience applies equally to all skills.


Message History

You open the door.
There is an open door here.
Found an ornate altar of the Wu Jian Council.
Found an ancient bone altar of Kikubaaqudgha.
Ijyb the Twisted Goblin comes into view.
She is wielding a +0 club and carrying a wand of light (7).
Found an orange potion.
Ijyb shouts!
You reach to attack!
You hit Ijyb.
Ijyb is lightly wounded.
You hit Ijyb but do no damage.
Ijyb is lightly wounded.
You block Ijyb's attack.
You hit Ijyb but do no damage.
Ijyb is lightly wounded.
Ijyb zaps a wand.
The bolt of light hits you!
You barely miss Ijyb.
Ijyb is lightly wounded.
You block Ijyb's attack.
You puncture Ijyb!
Ijyb is heavily wounded.
Ijyb hits you but does no damage.
You closely miss Ijyb.
Ijyb is heavily wounded.
Ijyb barely misses you.
Ijyb zaps a wand.
The bolt of light misses you.
You barely miss Ijyb.
Ijyb is heavily wounded.
Ijyb zaps a wand.
The bolt of light hits you!
You are too injured to fight recklessly!
You aren't carrying any items that you can evoke.
It was a potion of lignification.
You turn into a tree.
Your +0 helmet melds into your body.
Your +0 pair of gloves melds into your body.
Your +0 scale mail melds into your body.
Your roots penetrate the ground.
Ijyb zaps a wand.
The bolt of light hits you!
* * * LOW HITPOINT WARNING * * *
You closely miss Ijyb.
Ijyb is heavily wounded.
Ijyb zaps a wand.
The bolt of light hits you!
You are confused.
You die...

##### #.#_#### #.#.#.8##
##### ........#####...#
...........##...# .
#.#.#.8....##...# ...
#.###.#.........####.!..
#######.................
.#..............♣g......
.##.###'####............
........................
....###.###.............
........†...............
...................#...#
...................#...#
...................# ..#
...............


You could see Ijyb.

Vanquished Creatures
  A worm (D:1)
  2 ball pythons
  3 endoplasms
  4 goblins
  A hobgoblin (D:1)
  5 kobolds
  4 frilled lizards
  3 rats
23 creatures vanquished.

Notes
Turn   | Place    | Note
-------+----------+-------------------------------------------
     0 | D:1      | graymark the Gnoll Fighter began the quest for the Orb.
     0 | D:1      | Reached XP level 1. HP: 23/23 MP: 1/1
   187 | D:1      | Reached XP level 2. HP: 28/29 MP: 2/2
   631 | D:2      | Reached XP level 3. HP: 35/35 MP: 3/3
   821 | D:3      | Found a blossoming altar of Fedhas.
   822 | D:3      | Found a stormy altar of Qazlal.
   936 | D:3      | Found an ornate altar of the Wu Jian Council.
   942 | D:3      | Found an ancient bone altar of Kikubaaqudgha.
   963 | D:3      | Noticed Ijyb
   973 | D:3      | HP: 2/52 [Ijyb/bolt of light (16)]
   974 | D:3      | Killed from afar by Ijyb

Illustrated notes

Levels and vault maps discovered:
D:1:      dpeg_arrival_simpleton_c, layout_basic
D:2:      layout_basic
D:3:      layout_basic, grunt_temple_overflow_forces_of_nature,
          marbit_many_paths, minitemple, shapermc_ecumenical_altar_pompeii,
          uniq_ijyb

Action                     || total
---------------------------++-------
  Melee: Trident           ||    68
         Bite              ||     2
    Use: Potion            ||     1
 Armour: Scale mail        ||    13
  Dodge: Dodged            ||    11
  Block: Buckler           ||    12

Table legend: (Time is in decaauts)
 A = Elapsed time spent in this place.
 B = Non-inter-level travel time spent in this place.
 C = Inter-level travel time spent in this place.
 D = Time resting spent in this place.
 E = Time spent auto-exploring this place.
 F = Levels seen in this place.
 G = Mean time per level.
                   A        B        C        D        E       F      G
               +--------+--------+--------+--------+--------+-----+--------+
         Total |    983 |    954 |     29 |     28 |    714 |   3 |  327.7 |
       Dungeon |    983 |    954 |     29 |     28 |    714 |   3 |  327.7 |
               +--------+--------+--------+--------+--------+-----+--------+

Top non-repeatable levels by time:
     D:1: 493 daAuts
     D:2: 320 daAuts
     D:3: 169 daAuts
